 Dungeon Crawl Stone Soup version 0.27.1-1-g398f81649c (webtiles) character file.

Game seed: 2938439451720515186

2333 101zpm the Shield-Bearer (level 9, -2/55 HPs)
             Began as a Gargoyle Fighter on Sept 19, 2021.
             Killed by divine providence
             ... invoked by an orc priest
              (13 damage)
             ... on level 6 of the Dungeon.
             The game lasted 00:15:39 (8123 turns).

101zpm the Shield-Bearer (Gargoyle Fighter)         Turns: 8123, Time: 00:15:40

Health: -2/55      AC: 21    Str: 29    XL:     9   Next: 42%
Magic:  3/3        EV: 10    Int:  9    God:
Gold:   340        SH: 11    Dex: 10    Spells: 8/8 levels left

rFire    . . .     SeeInvis .   A - +4 whip "Giedgh" {antimagic, Str+7}
rCold    . . .     Faith    .   c - +0 kite shield
rNeg     + . .     Spirit   .   o - quicksilver dragon scales
rPois    ∞         Reflect  .   s - +0 helmet
rElec    +         Harm     .   k - +1 cloak
rCorr    .         Rampage  .   (no gloves)
Will     +....                  (no boots)
Stlth    +.........             (no amulet)
HPRegen  0.18/turn              (no ring)
MPRegen  0.08/turn              (no ring)

@: no status effects
A: sickness immunity, AC +6, negative energy resistance 1, electricity
resistance, torment resistance 1, petrification resistance
a: no special abilities


You were on level 6 of the Dungeon.
You visited 1 branch of the dungeon, and saw 7 of its levels.

You collected 340 gold pieces.

Inventory:

Hand Weapons
 a - a +0 flail
 A - the +4 whip "Giedgh" (weapon) {antimagic, Str+7}
   (You found it on level 4 of the Dungeon)

   It reduces the magical energy of the wielder, and disrupts the spells and
   magical abilities of those it strikes.
   Natural abilities and divine invocations are not affected.
   Str:       It affects your strength (+7).
Missiles
 h - 230 stones (quivered)
 i - 88 bolts
 l - 29 sling bullets
 n - 10 boomerangs
 p - 11 poisoned darts
Armour
 c - a +0 kite shield (worn)
 k - a +1 cloak (worn)
 o - quicksilver dragon scales (worn)
 s - a +0 helmet (worn)
 O - a +2 robe of fire resistance
 P - a +2 leather armour of fire resistance
Jewellery
 g - a ring of fire
 m - an amulet of faith
 w - an amulet of magic regeneration
Wands
 C - a wand of paralysis (11)
 E - a wand of flame (18)
 F - a wand of charming (19)
 K - a wand of digging (5)
Scrolls
 e - 2 scrolls of magic mapping {unknown}
 f - 2 scrolls of identify {unknown}
 r - a scroll of noise {unknown}
 t - 2 scrolls of teleportation {unknown}
 u - a scroll of summoning {unknown}
 v - a scroll of blinking {unknown}
 y - a scroll of acquirement {unknown}
 D - a scroll of immolation {unknown}
 G - a scroll of brand weapon {unknown}
 I - a scroll of torment {unknown}
 L - a scroll of enchant weapon {unknown}
 N - a scroll of enchant armour {unknown}
Potions
 b - 3 potions of lignification {unknown}
 d - 4 potions of might
 j - 4 potions of heal wounds {unknown}
 q - a potion of magic {unknown}
 x - a potion of attraction {unknown}
 z - a potion of berserk rage {unknown}
 B - 5 potions of ambrosia {unknown}
 J - a potion of resistance {unknown}
 M - a potion of degeneration {unknown}


   Skills:
 + Level 6.1 Fighting
 + Level 7.0 Maces & Flails
 + Level 5.5 Armour
 + Level 3.9 Dodging
 + Level 1.3 Stealth
 + Level 7.7 Shields


You had 8 spell levels left.
You didn't know any spells.
Your spell library contained the following spells:

 Spells                   Type           Power      Damage    Failure   Level
 Summon Small Mammal      Summ           0%         N/A       82%         1
 Call Canine Familiar     Summ           0%         N/A       99%         3
 Dazzling Flash           Conj/Hex       0%         N/A       99%         3
 Gell's Gravitas          Tloc           0%         N/A       99%         3
 Lesser Beckoning         Tloc           0%         N/A       99%         3
 Summon Guardian Golem    Hex/Summ       0%         N/A       99%         3
 Teleport Other           Tloc           0%         N/A       99%         3
 Iskenderun's Mystic Bla  Conj/Tloc      0%         2d3       100%        4
 Summon Lightning Spire   Summ/Air       0%         N/A       100%        4
 Starburst                Conj/Fire      0%         6d3       100%        6
 Storm Form               Tmut/Air       0%         N/A       100%        7
 Maxwell's Capacitive Co  Air            0%         ∞         100%        8


Dungeon Overview and Level Annotations

Branches:
Dungeon (7/15)
 Temple: D:4-7

Altars:
Dithmenos
Hepliaklqana
Wu Jian
Xom

Shops:
D:4 *   D:5 [


Innate Abilities, Weirdness & Mutations

You are immune to sickness and miasma.
Your stone body is resilient. (AC +6)
You are immune to poison.
You resist negative energy. (rN+)
You are resistant to electric shocks. (rElec)
You are resistant to unholy torment.
You are immune to petrification.


Message History

An orc priest comes into view. It is wielding a +0 falchion.
Something hits you but does no damage.
You barely miss something. Something hits you but does no damage.
You miss something.
The orc priest miscasts a cantrip.
Something hits you but does no damage.
You closely miss something. You hit something.
Something hits you but does no damage.
You hit something. You block the orc priest's attack.
You hit something. Something hits you but does no damage.
The orc priest hits you but does no damage.
An orc warrior comes into view. It is wielding a +0 halberd.
The orc warrior shouts!
You hear a shout!
An orc priest comes into view. It is wielding a +0 whip.
An orc comes into view. It is wielding a +0 flail.
The orc priest calls down the wrath of Beogh upon you.
The orc priest moves out of view. 2 orcs come into view.
The orc shouts! x2
The orc warrior hits you from afar with a +0 halberd!
The orc warrior hits you with a +0 halberd!
The orc priest casts a cantrip, but nothing happens.
The orc priest hits you but does no damage.
The orc wizard casts a spell at you.
The puff of flame hits something!
The orc warrior closely misses you.
The orc priest calls down the wrath of Beogh upon you.
Beogh smites you!
There is a stone staircase leading up here.
The orc priest barely misses you. Something hits you but does no damage.
The orc warrior hits you with a +0 halberd!
* * * LOW HITPOINT WARNING * * *
You climb upwards.
Reactivating autopickup.
There is a stone staircase leading down here.
The orc priest closely misses you. You block something's attack.
Deactivating autopickup; reactivate with Ctrl-A.
You block the orc warrior's attack.
The orc priest calls down the wrath of Beogh upon you.
Beogh smites you!
You die...

.##.########........#
.....#.....#........#
.....#.....#........#####
.##..#.....#.........[..#
.....#.....#........###.#
######.....######o.># #.#
#.....§....[....#.o.# #.#
#......≈.≈......#o### #.#
#.....§.........@.# #.#
#.....§≈.§......### #.#
#...............#######.#
######.....######.......#
#.....# #####.#.#
####.....##########...#
#..#.....#...(.......##
#.##.....##.#######..#
#.#########.# #..#


You could see an orc warrior, an orc priest and an orc.

Vanquished Creatures
  Pikel (D:4)
  Sigmund (D:5)
  An acid dragon (D:6)
  Duvessa (D:6)
  An orc warrior (D:6)
  An ice beast (D:6)
  An ogre (D:6)
  2 phantoms
  A centaur (D:6)
  2 kobold brigands (D:5)
  A gnoll sergeant (D:5)
  3 electric eels (D:6)
  A bullfrog zombie (D:6)
  A centaur zombie (D:6)
  An orc priest (D:3)
  3 hounds
  5 bullfrog skeletons
  Jessica (D:2)
  An iguana (D:5)
  Natasha (D:2)
  2 scorpion zombies (D:5)
  3 gnolls
  6 adders
  A shadow imp (D:6)
  A white imp (D:5)
  An adder skeleton (D:4)
  A worm (D:3)
  3 dart slugs
  22 orcs
  5 bats
  2 bat zombies (D:1)
  2 endoplasms
  3 giant cockroaches
  4 goblins
  6 hobgoblins
  8 jackals
  4 quokkas
  5 ball pythons
  5 frilled lizards
  14 kobolds
  11 rats
139 creatures vanquished.

Vanquished Creatures (others)
  Dowan (D:6)
  An electric eel (D:6)
  An orc wizard (D:6)
3 creatures vanquished.

Grand Total: 142 creatures vanquished

Notes
Turn   | Place    | Note
-------+----------+-------------------------------------------
     0 | D:1      | 101zpm the Gargoyle Fighter began the quest for the Orb.
     0 | D:1      | Reached XP level 1. HP: 14/14 MP: 1/1
    61 | D:1      | Found a faded altar of an unknown god.
    97 | D:1      | Reached XP level 2. HP: 19/19 MP: 2/2
   723 | D:1      | Reached XP level 3. HP: 24/24 MP: 3/3
  1223 | D:1      | You fall into a shaft and drop 1 floor!
  1238 | D:2      | Noticed Jessica
  1260 | D:2      | Killed Jessica
  1261 | D:2      | Reached XP level 4. HP: 16/29 MP: 4/4
  1890 | D:2      | Noticed Natasha
  1896 | D:2      | Killed Natasha
  1897 | D:2      | Reached XP level 5. HP: 33/33 MP: 5/5
  2467 | D:3      | Found an ornate altar of the Wu Jian Council.
  2511 | D:3      | Found a shadowy altar of Dithmenos.
  2697 | D:3      | Found a shimmering altar of Xom.
  2697 | D:3      | Found a shimmering altar of Xom.
  2699 | D:3      | Found a shimmering altar of Xom.
  2727 | D:3      | Found a shimmering altar of Xom.
  2727 | D:3      | Found a shimmering altar of Xom.
  2733 | D:3      | Found a shimmering altar of Xom.
  2734 | D:3      | Found a shimmering altar of Xom.
  3126 | D:4      | Found Ketosil's CLEARANCE SALE! EVERYTHING MUST GO!.
  3135 | D:4      | Reached XP level 6. HP: 25/39 MP: 6/6
  3511 | D:5      | Entered Level 5 of the Dungeon
  3768 | D:5      | Reached skill level 1 in Dodging
  3917 | D:5      | Reached skill level 5 in Shields
  4098 | D:5      | Reached XP level 7. HP: 43/44 MP: 7/7
  4190 | D:5      | Found Maezaoc's Antique Armour Shop.
  4584 | D:5      | Reached skill level 5 in Fighting
  4825 | D:4      | Identified the +4 whip "Giedgh" {antimagic, Str+7}
  4887 | D:4      | Reached skill level 5 in Maces & Flails
  5093 | D:4      | Noticed Pikel
  5130 | D:4      | Killed Pikel
  5131 | D:4      | Reached skill level 5 in Armour
  5131 | D:4      | Reached XP level 8. HP: 12/49 MP: 2/8
  5827 | D:6      | Found a hazy altar of Hepliaklqana.
  6541 | D:5      | Reached skill level 1 in Stealth
  6617 | D:6      | Noticed Sigmund
  6681 | D:5      | Killed Sigmund
  6682 | D:5      | Reached XP level 9. HP: 55/55 MP: 3/9
  7253 | D:6      | Noticed Duvessa
  7253 | D:6      | Noticed Dowan
  7268 | D:6      | Killed Dowan
  7305 | D:6      | Killed Duvessa
  8123 | D:6      | Killed from afar by an orc priest

Illustrated notes

Levels and vault maps discovered:
D:1:      saegor_arrival_fortress, layout_loops_ring,
          shapermc_ecumenical_altar_venn
D:2:      layout_loops_cross, uniq_jessica, uniq_natasha
D:3:      layout_loops_ring, grunt_dithmenos_smoke_and_mirrors,
          pdpol_wu_jian_five_deadly_venoms, xom_redecorated, kennysheep_donut,
          amcnicky_mini_corridor_feature
D:4:      layout_basic, nicolae_shop_clearance, uniq_pikel
D:5:      minmay_chambers_of_fours, layout_cave_pools, serial_shops,
          kennysheep_mini
D:6:      wad_lake_hut, layout_loops_ring, lemuel_doored_altar,
          kennysheep_minor_cross, minivault_10, minivault_19, uniq_sigmund,
          uniq_duvessa
D:7:      layout_rooms, lemuel_tele_altar, minmay_temple_entry_antechambers

Skill      XL: |  1  2  3  4  5  6  7  8  9 |
---------------+----------------------------+-----
Shields        | 4 5 6 7 |  7.7
Fighting       | 4 5 6 |  6.1
Maces & Flails | 3 4 5 6 7 |  7.0
Armour         | 4 5 |  5.5
Dodging        | 1 3 |  3.9
Stealth        | 1 |  1.3

Action                   |  1- 3 |  4- 6 |  7- 9 || total
-------------------------+-------+-------+-------++-------
Melee: Flail             |   110 |   305 |    92 ||   507
       Whip              |       |       |   326 ||   326
Throw: Stone             |       |       |     3 ||     3
Evoke: Wand              |       |       |     1 ||     1
Armor: Scale mail        |    64 |   202 |       ||   266
       Quicksilver drago |       |    32 |   214 ||   246
Dodge: Dodged            |    32 |   132 |   164 ||   328
Block: Kite shield       |    64 |   213 |   247 ||   524
